 Dungeon Crawl Stone Soup version 0.29-a0-473-gacb4ef3bc5 (webtiles) character file.

Game seed: 9662306154584623916

77232 Bruhh the Brawler (level 15, -19/200 HPs)
             Began as an Ogre Transmuter on May 23, 2022.
             Was a High Priest of Jiyva.
             Demolished by a tyrant leech (23 damage)
             ... on level 1 of the Swamp.
             The game lasted 00:43:45 (36879 turns).

Bruhh the Brawler (Ogre Transmuter)                Turns: 36879, Time: 00:43:46

Health: -19/200    AC: 13    Str: 18    XL:     15   Next: 56%
Magic:  27/27      EV: 16    Int: 22    God:    Jiyva [*****.]
Gold:   780        SH:  5    Dex:  9    Spells: 17/30 levels left

rFire   x . .      SeeInvis .     - Unarmed
rCold   + + +      Faith    .   (shield currently unavailable)
rNeg    . . .      Spirit   .   (body armour currently unavailable)
rPois   +          Reflect  +   (helmet currently unavailable)
rElec   .          Harm     .   (cloak currently unavailable)
rCorr   +          Rampage  .   (gloves unavailable)
rMut    +                       (boots unavailable)
Will    +....                   T - amulet of reflection
Stlth   +.........              j - +4 ring of protection
HPRegen 1.87/turn               M - +4 ring of evasion
MPRegen 0.65/turn

@: ice-form, marked, flying, hasted, studying Necromancy, invisible, very quick
A: freezing attack, amphibious, boosted hp, large, unfitting armour, (tough skin
1), clever 1, mutation resistance 3
a: End Transformation, Renounce Religion, Oozemancy, Slimify


You were on level 1 of the Swamp.
You worshipped Jiyva.
Jiyva was extremely pleased with you.
You were a creature of crystalline ice.
You visited 4 branches of the dungeon, and saw 20 of its levels.
You also visited: Bailey and Ice Cave.

You collected 1819 gold pieces.
You spent 1024 gold pieces at shops.
You donated 15 gold pieces to Zin.

Inventory:

Hand Weapons
 q - the +9 sword of Zonguldrok {reap}
   (You found it on level 5 of the Dungeon)

   Any living foe damaged by it may be reanimated upon death as a zombie
   friendly to the wielder, with an increasing chance as more damage is dealt.
Missiles
 v - 3 throwing nets
 H - a curare-tipped dart
Armour
 O - a +2 robe of willpower (melded)
 U - a +1 robe of cold resistance
Jewellery
 c - an amulet of the acrobat
 g - a ring of fire
 j - a +4 ring of protection (left front paw)
 k - a ring of willpower
 l - a ring of poison resistance
 n - a ring of magical power
 x - an amulet of magic regeneration
 A - a ring of flight
 K - a ring of fire
 M - a +4 ring of evasion (right front paw)
 T - an amulet of reflection (around neck)
Wands
 b - a wand of flame (19)
 i - a wand of polymorph (13)
 r - a wand of paralysis (9)
 C - a wand of iceblast (1)
 D - a wand of charming (19)
 J - a wand of mindburst (6)
 R - a wand of acid (10)
Scrolls
 e - 4 scrolls of teleportation
 h - 7 scrolls of immolation
 m - 6 scrolls of poison
 p - a scroll of enchant weapon
 y - 3 scrolls of vulnerability
 z - a scroll of enchant armour
 G - 3 scrolls of fog
 P - a scroll of magic mapping
 Q - 4 scrolls of identify
 S - a scroll of acquirement {unknown}
Potions
 a - a potion of lignification
 f - 3 potions of brilliance
 o - a potion of cancellation
 s - 3 potions of curing
 t - 3 potions of mutation
 w - 5 potions of degeneration
 B - 2 potions of haste
 E - 2 potions of flight
 F - a potion of magic
 I - a potion of ambrosia
 L - 2 potions of resistance
 N - a potion of heal wounds {unknown}
Miscellaneous
 u - a condenser vane


   Skills:
 - Level 15.0 Fighting
 - Level 10.0 Dodging
 - Level 15.6 Unarmed Combat
 - Level 8.0 Spellcasting
 - Level 7.0 Transmutations
 + Level 5.1 Ice Magic
 + Level 0.6 Poison Magic
 - Level 11.0 Invocations


You had 17 spell levels left.
You knew the following spells:

 Your Spells              Type           Power      Damage    Failure   Level
a - Beastly Appendage     Tmut           78%        N/A       1%          1
b - Spider Form           Tmut/Pois      25%        N/A       4%          3
c - Ice Form              Ice/Tmut       35%        N/A       6%          4
d - Blade Hands           Tmut           19%        N/A       12%         5

Your spell library contained the following spells:

 Spells                   Type           Power      Damage    Failure   Level
 Wereblood                Tmut           39%        N/A       1%          2
 Passwall                 Tmut/Erth      20%        N/A       2%          2
 Ozocubu's Armour         Ice            31%        N/A       2%          3
 Ensorcelled Hibernation  Hex/Ice        40%        N/A       4%          2
 Apportation              Tloc           16%        N/A       8%          1
 Ignite Poison            Fire/Tmut/Pois 20%        N/A       8%          3
 Poisonous Vapours        Pois/Air       20%        N/A       10%         2
 Conjure Flame            Conj/Fire      8%         6-21      22%         3
 Inner Flame              Hex/Fire       8%         N/A       22%         3
 Portal Projectile        Hex/Tloc       16%        N/A       22%         3
 Swiftness                Air            8%         N/A       22%         3
 Tukima's Dance           Hex            8%         N/A       22%         3
 Alistair's Intoxication  Tmut/Pois      16%        N/A       41%         5
 Corpse Rot               Necr/Pois/Air  9%         N/A       56%         4
 Airstrike                Air            4%         N/A       58%         4
 Anguish                  Hex/Necr       4%         N/A       58%         4
 Cause Fear               Hex            4%         N/A       58%         4
 Dispel Undead            Necr           8%         3d8       58%         4
 Passage of Golubria      Tloc           8%         N/A       58%         4
 Sticky Flame             Conj/Fire      8%         2d3       58%         4
 Summon Lightning Spire   Summ/Air       8%         N/A       58%         4
 Lightning Bolt           Conj/Air       4%         1d15      90%         5
 Silence                  Hex/Air        4%         N/A       90%         5
 Death Channel            Necr           4%         N/A       100%        6
 Dispersal                Tloc           4%         N/A       100%        6
 Ozocubu's Refrigeration  Ice            15%        4d8       100%        7
 Discord                  Hex            4%         N/A       100%        8
 Disjunction              Tloc           4%         N/A       100%        8
 Ignition                 Fire           4%         3d4       100%        8
 Lehudib's Crystal Spear  Conj/Erth      4%         10d3      100%        8


Dungeon Overview and Level Annotations

Branches:
Dungeon (12/15)            Temple (0/1) D:6            Lair (5/6) D:9
  Swamp (1/4) Lair:3       Spider (0/4) Lair:3        Slime (0/5) Lair:5
    Orc (2/2) D:9             Elf (0/3) Orc:2        Bailey (visited)
  IceCv (visited)

Altars:
Cheibriados
Dithmenos
Elyvilon
Makhleb
Nemelex Xobeh
Qazlal
Ru
Sif Muna
Trog
Uskayaw
Xom
Zin
Beogh
Jiyva

Shops:
D:4 :   D:11 *   Orc:1 [   Orc:2 [*(:

Annotations:
D:5 4 runed translucent doors
D:7 2 transporters, KhasaRR's ghost, amateur GnWn
D:11 3 runed translucent doors, Sickboy's ghost, journeyman MiFi
Orc:2 1 runed translucent door, hemabe1971's ghost, journeyman HuAr


Innate Abilities, Weirdness & Mutations

You are a creature of crystalline ice.
You have a powerful freezing melee attack.
You are amphibious.
Your maximum health is increased.
Your armour is entirely melded.
You are incapable of wielding weapons or throwing items.
You are too large for most types of armour.
((You have tough skin. (AC +1)))
Your mind is acute. (Int +2)
You are almost entirely resistant to further mutation and mutation removal.


Message History

You hear a distant slurping noise.
The alligator closely misses you. The alligator barely misses you.
Unknown command.
The spriggan druid attacks as you move away!
You block the spriggan druid's attack. Tree limbs sway around you.
You are waved at by a branch.
You pummel the eleionoma!! You freeze the eleionoma.
The eleionoma is moderately wounded.
A tree reaches out and hits you!
* * * LOW HITPOINT WARNING * * *
You block the tyrant leech's attack. The alligator attacks as you move away!
The alligator closely misses you. The alligator tail-slaps you!
* * * LOW HITPOINT WARNING * * *
You block the spriggan rider's attack.
The spriggan druid hits you with a +0 quarterstaff.
* * * LOW HITPOINT WARNING * * *
The alligator attacks as you move away! The alligator closely misses you.
The alligator misses you.
A swamp dragon and a bog body come into view.
A tree reaches out and hits you!
* * * LOW HITPOINT WARNING * * *
The spriggan druid calls out to the beasts of the wild!
The tyrant leech bites you!
* * * LOW HITPOINT WARNING * * *
The tyrant leech draws strength from your injuries!
The alligator bites you!!
* * * LOW HITPOINT WARNING * * *
The alligator completely misses you.
The swamp dragon moves out of view.
It was a potion of flight.
You feel very buoyant.
You fly up into the air.
A root lunges up near you. You block the spriggan rider's attack.
It was a potion of invisibility.
You fade into invisibility!
The alligator bites you.
* * * LOW HITPOINT WARNING * * *
The alligator closely misses you. The tyrant leech bites you!!
You die...

♣ ♣.♣ ♣♣.♣ ♣.≈ ♣♣.♣ ♣..♣
♣≈♣. ♣..♣ ♣♣..♣ ..≈.♣ ♣..♣
♣♣..♣ .≈≈≈.♣ ♣.≈♣♣♣♣...♣
≈≈≈...♣♣♣♣.≈..≈$.≈.♣
..≈..≈≈....≈.≈≈..≈
≈≈.≈.♣.≈≈≈≈≈≈≈♣♣♣♣.≈.≈w≈.≈
.♣.....≈≈≈≈≈♣♣.≈ .>≈≈≈≈≈≈.
≈.≈♣♣...≈≈≈♣♣ .♣♣
♣.♣Jn≈....♣♣ .. ≈.
≈≈≈≈.... ♣ .$≈≈≈≈♣≈♣♣


You could see an eleionoma (can't see you), an alligator (swift, can't see you),
a seven-headed hydra (can't see you), 3 tyrant leeches, a spriggan rider, 2
spriggan druids, a bog body (can't see you) and a neutral jelly (wandering)
(fellow slime).

Vanquished Creatures
  Gastronok (Lair:1)
  5 hydras
  2 ironbound frosthearts (IceCv)
  2 boulder beetles
  3 ogre magi
  19 two-headed ogres
  9 death yaks
  Nergalle (Lair:3)
  An orc sorcerer (Orc:1)
  3 ugly things
  2 cyclopes
  An ice statue (IceCv)
  4 black mambas
  13 elephants
  Maggie (D:6)
  A torpor snail (Lair:3)
  9 rime drakes
  8 cane toads
  A gargoyle (D:12)
  An unseen horror (D:12)
  A komodo dragon (Lair:1)
  11 polar bears (IceCv)
  3 trolls
  A tyrant leech (Swamp:1)
  2 hornets
  19 blink frogs
  13 dream sheep
  3 culicivoras (Lair:3)
  Sigmund (D:2)
  3 wyverns
  3 wraiths
  A vampire (D:12)
  74 yaks
  4 basilisks
  6 vampire mosquitoes
  9 steam dragons
  A warg (Orc:1)
  5 swamp worms
  25 water moccasins
  11 orc warriors
  25 ogres
  2 black bears
  28 wolves
  7 centaurs
  A phantom (D:6)
  2 kobold brigands
  4 scorpions
  4 necrophages
  8 bullfrogs
  3 gnoll sergeants
  15 wights
  11 howler monkeys
  2 electric eels
  6 hounds
  3 jellies
  12 orc priests
  3 gnoll shamans
  3 iron imps (D:3)
  3 iguanas
  Natasha (thrice) (D:2)
  16 orc wizards
  40 gnolls
  12 adders
  A dart slug (D:1)
  41 orcs
  10 ball pythons
  5 bats
  12 endoplasms
  2 giant cockroaches
  11 goblins
  7 hobgoblins
  3 quokkas
  3 frilled lizards
  6 kobolds
  8 rats
605 creatures vanquished.

Vanquished Creatures (collateral kills)
  A howler monkey (D:7)
  A hound (D:7)
  An iguana (D:6)
  A gnoll (D:6)
  2 orcs
  2 kobolds (D:7)
8 creatures vanquished.

Vanquished Creatures (others)
  An ogre mage (Orc:2)
  A rime drake (Lair:5)
  2 ogres
  A yak zombie (D:8)
  2 centaur zombies
  2 bullfrog zombies
  11 jellies
  An orc priest (Orc:2)
  A scorpion zombie (D:6)
  An orc wizard (Orc:2)
  3 kobold zombies (D:7)
  3 hound zombies
  A howler monkey zombie (D:7)
  8 gnolls
  An iguana zombie (D:7)
  6 orcs
  10 orc zombies
  62 fungi
  27 plants
144 creatures vanquished.

Grand Total: 757 creatures vanquished

Notes
Turn   | Place    | Note
-------+----------+-------------------------------------------
     0 | D:1      | Bruhh the Ogre Transmuter began the quest for the Orb.
     0 | D:1      | Reached XP level 1. HP: 19/19 MP: 3/3
   132 | D:1      | Reached XP level 2. HP: 23/28 MP: 3/5
   787 | D:1      | Reached XP level 3. HP: 35/35 MP: 7/7
  1257 | D:2      | Found a shimmering altar of Xom.
  1404 | D:2      | Noticed Natasha
  1417 | D:2      | Killed Natasha
  1418 | D:2      | Reached XP level 4. HP: 15/44 MP: 8/8
  1474 | D:2      | Noticed Natasha
  1831 | D:2      | Killed Natasha
  1979 | D:2      | Noticed Sigmund
  1996 | D:2      | Noticed Natasha
  2001 | D:2      | Killed Natasha
  2002 | D:2      | Reached XP level 5. HP: 4/53 MP: 10/10
  2534 | D:3      | Learned a level 3 spell: Spider Form
  4095 | D:2      | Killed Sigmund
  4096 | D:2      | Reached XP level 6. HP: 58/63 MP: 8/12
  4425 | D:2      | Found a faded altar of an unknown god.
  4640 | D:2      | Prayed at the altar of an unknown god.
  4640 | D:2      | Became a worshipper of Zin the Law-Giver
  4640 | D:2      | Reached * piety under Zin
  4640 | D:2      | Reached ** piety under Zin
  4651 | D:3      | Fell from the grace of Zin
  5097 | D:3      | Found a shimmering altar of Xom.
  5232 | D:3      | Identified the +3 spear "Utomo" {vorpal, Fragile rElec
                  | rCorr Int+8}
  5282 | D:3      | Found a snail-covered altar of Cheibriados.
  5399 | D:3      | Found a burning altar of Makhleb.
  6297 | D:3      | Reached skill level 5 in Fighting
  6686 | D:4      | Reached XP level 7. HP: 41/72 MP: 13/13
  8010 | D:4      | Found Xunetoh's Book Boutique.
  8107 | D:5      | Entered Level 5 of the Dungeon
  8152 | D:5      | Reached skill level 5 in Spellcasting
  8526 | D:5      | Reached skill level 5 in Unarmed Combat
  9448 | D:5      | Found a shimmering blue altar of Sif Muna.
  9458 | D:5      | Reached XP level 8. HP: 76/83 MP: 15/15
 10572 | D:5      | Found a large runed translucent door.
 10572 | D:5      | Found a large runed translucent door.
 10580 | D:5      | Noticed a troll
 10653 | D:5      | Found a large runed translucent door.
 10653 | D:5      | Found a large runed translucent door.
 10693 | D:5      | Found the +9 sword of Zonguldrok {reap}
 11279 | D:5      | Found a shadowy altar of Dithmenos.
 11500 | D:6      | Noticed Maggie
 11527 | D:6      | Killed Maggie
 11528 | D:6      | Reached XP level 9. HP: 9/101 MP: 16/16
 12051 | D:6      | Reached skill level 10 in Fighting
 12975 | D:6      | Found a staircase to the Ecumenical Temple.
 13199 | D:6      | Learned a level 4 spell: Ice Form
 13332 | D:7      | Reached skill level 1 in Ice Magic
 13872 | D:7      | Found a transporter.
 13876 | D:7      | Found a transporter.
 13877 | D:7      | Noticed KhasaRR's ghost (amateur GnWn)
 13882 | D:7      | Reached XP level 10. HP: 108/110 MP: 17/17
 13898 | D:7      | Identified the +12 great mace "Sungiasuh" {drain, Int+2}
 14338 | D:7      | Noticed a gargoyle
 14609 | D:7      | Noticed a cyan ugly thing
 14662 | D:7      | Killed a cyan ugly thing
 15104 | D:7      | Found a stormy altar of Qazlal.
 15228 | D:7      | Noticed a cyclops
 15252 | D:7      | Killed a cyclops
 15253 | D:7      | Reached skill level 10 in Unarmed Combat
 15283 | D:7      | Noticed a gargoyle
 15792 | D:8      | Reached skill level 5 in Transmutations
 16076 | D:8      | Reached skill level 5 in Ice Magic
 16533 | D:8      | Noticed a two-headed ogre
 16543 | D:8      | Killed a two-headed ogre
 16544 | D:8      | Reached XP level 11. HP: 26/117 MP: 21/21
 16928 | D:8      | Found a sparkling altar of Nemelex Xobeh.
 17990 | D:9      | Noticed a two-headed ogre
 18001 | D:9      | Killed a two-headed ogre
 18367 | D:9      | Found a staircase to the Orcish Mines.
 19224 | D:9      | Found a bloodstained altar of Trog.
 19249 | D:9      | Found a sacrificial altar of Ru.
 19293 | D:9      | Found a staircase to the Lair.
 20099 | Lair:1   | Entered Level 1 of the Lair of Beasts
 20357 | Lair:1   | Noticed Gastronok
 20410 | Lair:1   | Killed Gastronok
 20660 | Lair:1   | Reached XP level 12. HP: 129/140 MP: 24/24
 20832 | Lair:1   | Reached skill level 15 in Fighting
 21359 | Lair:1   | Identified the +1 short sword of Wiqovahyf {freeze, rPois
                  | rF++ rC+++ Dex-4}
 21386 | Lair:1   | Noticed a seven-headed hydra
 21395 | Lair:1   | Killed a seven-headed hydra
 21892 | Lair:2   | Noticed a seven-headed hydra
 21899 | Lair:2   | Killed a seven-headed hydra
 23553 | Lair:2   | Found the +8 whip "Snakebite" {venom, curare, rPois}
 23866 | Lair:3   | Noticed a boulder beetle
 23900 | Lair:3   | Noticed a five-headed hydra
 23907 | Lair:3   | Killed a five-headed hydra
 23932 | Lair:3   | Noticed a death yak
 23942 | Lair:3   | Noticed a death yak
 23944 | Lair:3   | Killed a death yak
 24416 | Lair:3   | Killed a death yak
 24461 | Lair:3   | Noticed Nergalle
 24467 | Lair:3   | Killed Nergalle
 24468 | Lair:3   | Reached XP level 13. HP: 149/149 MP: 23/25
 24837 | Lair:3   | Identified the +1 robe of Yredelemnul's Pride {Str+3}
 25909 | Lair:3   | Found a staircase to the Swamp.
 26073 | Lair:3   | Found a hole to the Spider Nest.
 26577 | Lair:4   | Reached skill level 15 in Unarmed Combat
 26940 | Lair:4   | Found a frozen archway.
 27065 | IceCv    | Entered an ice cave
 27570 | IceCv    | Reached skill level 5 in Dodging
 28187 | IceCv    | Reached XP level 14. HP: 159/159 MP: 24/26
 30069 | Lair:5   | Reached skill level 10 in Dodging
 31274 | Lair:5   | Found a staircase to the Slime Pits.
 31274 | Lair:5   | Found a viscous altar of Jiyva.
 31290 | Lair:5   | Became a worshipper of Jiyva Jupnaoq the Shapeless
 31809 | D:10     | Entered Level 10 of the Dungeon
 31817 | D:10     | Reached skill level 1 in Invocations
 31970 | D:10     | Found a flagged portal.
 31996 | Bailey   | Entered a bailey
 32127 | Bailey   | Reached * piety under Jiyva
 32617 | D:10     | Reached ** piety under Jiyva
 32624 | D:10     | Reached skill level 5 in Invocations
 32689 | D:10     | Found a hide-covered altar of Uskayaw.
 32828 | D:10     | Paralysed by the wrath of Zin for 2 turns
 32928 | D:10     | Paralysed by the wrath of Zin for 2 turns
 33070 | D:11     | Reached *** piety under Jiyva
 33099 | D:11     | Found Ashreidgh's Fire Supplies.
 33126 | D:11     | Noticed Sickboy's ghost (journeyman MiFi)
 33227 | D:11     | Gained mutation: You have hidden genetic potential.
                  | [Jiyva's grace]
 33227 | D:11     | Gained mutation: You have great hidden genetic potential.
                  | [Jiyva's grace]
 33227 | D:11     | Gained mutation: You are agile. (Dex +2) [Jiyva's grace]
 33227 | D:11     | Gained mutation: You are very agile. (Dex +4) [Jiyva's
                  | grace]
 33243 | D:11     | Found a runed translucent gate.
 33244 | D:11     | Found a runed translucent gate.
 33244 | D:11     | Found a runed translucent gate.
 33290 | D:11     | Lost mutation: You are very agile. (Dex +4) [the wrath of
                  | Zin]
 33290 | D:11     | Lost mutation: You have great hidden genetic potential.
                  | [the wrath of Zin]
 33290 | D:11     | Lost mutation: You are agile. (Dex +2) [the wrath of Zin]
 33290 | D:11     | Lost mutation: You have hidden genetic potential. [the
                  | wrath of Zin]
 33676 | D:12     | Reached **** piety under Jiyva
 33843 | D:12     | Found a white marble altar of Elyvilon.
 34034 | D:12     | Got Soga's Papyrus of the Volcanoes and Lightness
 34937 | Lair:5   | Reached XP level 15. HP: 167/167 MP: 27/27
 35074 | Lair:5   | Identified the +6 dagger "Orakott" {vorpal, rPois Str+2
                  | Int-4}
 35329 | Orc:1    | Entered Level 1 of the Orcish Mines
 35521 | Orc:2    | Entered Level 2 of the Orcish Mines
 35572 | Orc:2    | Found a runed translucent door.
 35647 | Orc:2    | Found a shimmering altar of Xom.
 35647 | Orc:2    | Noticed hemabe1971's ghost (journeyman HuAr)
 35797 | Orc:2    | Reached skill level 10 in Invocations
 35802 | Orc:2    | Paralysed by something for 4 turns
 35815 | Orc:1    | Reached ***** piety under Jiyva
 35815 | Orc:1    | Gained mutation: You are somewhat resistant to further
                  | mutation. [Jiyva's grace]
 35815 | Orc:1    | Gained mutation: You are somewhat resistant to both further
                  | mutation and mutation removal. [Jiyva's grace]
 35815 | Orc:1    | Gained mutation: You are almost entirely resistant to
                  | further mutation and mutation removal. [Jiyva's grace]
 35815 | Orc:1    | Gained mutation: Your mind is acute. (Int +2) [Jiyva's
                  | grace]
 35946 | Orc:2    | Paralysed by an ogre mage for 5 turns
 36380 | Orc:2    | Found a staircase to the Elven Halls.
 36464 | Orc:2    | Found Voxaegad's Antique Weapon Shoppe.
 36464 | Orc:2    | Found Lestru's Armour Shop.
 36464 | Orc:2    | Found Esonk's Book Boutique.
 36464 | Orc:2    | Found Ofac's General Store.
 36472 | Orc:2    | Bought Ozocubu's Autobiography for 408 gold pieces
 36472 | Orc:2    | Bought a book of Weapons for 476 gold pieces
 36473 | Orc:2    | Bought a potion of resistance for 140 gold pieces
 36643 | Orc:1    | Found Hudghow's Armour Shoppe.
 36649 | Orc:1    | Paralysed by the wrath of Zin for 4 turns
 36817 | Lair:3   | Paralysed by the wrath of Zin for 5 turns
 36822 | Swamp:1  | Entered Level 1 of the Swamp
 36831 | Lair:3   | Learned a level 5 spell: Blade Hands
 36877 | Swamp:1  | HP: 8/200 [alligator (19)]
 36879 | Swamp:1  | Demolished by a tyrant leech

Illustrated notes

Levels and vault maps discovered:
D:1:      minmay_arrival_open_corners, layout_basic
D:2:      kennysheep_big_flooded_room, layout_basic, basic_ecumenical_altar,
          basic_altar, uniq_natasha, uniq_sigmund
D:3:      layout_basic, nicolae_overflow_crystal_walls, demons_altar,
          lemuel_doored_altar
D:4:      layout_cave_pods, serial_shops, kennysheep_little_box
D:5:      layout_rooms, led_sif_book, mainiacjoe_overflow_chevrons,
          serial_curves, eino_curves_01, eino_curves_01, eino_curves_02,
          minmay_hollow_rounded_squares
D:6:      layout_basic, minmay_temple_entry_purple_smoke, uniq_maggie
D:7:      minmay_the_grid_triangle_9x9_rhombus_thin
          [minmay_the_grid_triangle_9x9_alien,
          minmay_the_grid_triangle_9x9_prize_center,
          minmay_the_grid_triangle_9x9_longest,
          minmay_the_grid_triangle_9x9_from_above], layout_loops_corners,
          nicolae_qazlal_general_emergency, gammafunk_ghost_smash
D:8:      layout_basic, nemelex_spade_bored_becter
D:9:      layout_irregular_city, mainiacjoe_overflow_cross_hatched,
          mainiacjoe_overflow_catwalk, lair_entry_dummy,
          minmay_orc_entry_temple_small
D:10:     layout_grid_maze, eat_drink_and_be_merry_uskayaw, enter_bailey_5,
          grunt_decor_one_mirror
D:11:     layout_roguey, maelrawn_ghost_gauntlet_escape, nicolae_shop_fire_sale
          [nicolae_sub_dead_trees], nicolae_elevator_lobby_asterisk
D:12:     layout_basic, elyvilon_altar_1
Lair:1:   layout_regular_city, uniq_urug, uniq_gastronok
Lair:2:   minmay_guarded_unrand_snakebite, layout_cave_pods, grunt_megastairs_1,
          infiniplex_staircase_pool_2, serial_bayou_shore_a
Lair:3:   layout_big_grid, nicolae_swamp_entry_splash_gauntlet,
          hellmonk_spider_entry_life_and_decay, nzn_sisyphean_effort,
          grunt_megastairs_2, uniq_nergalle
Lair:4:   layout_cellular_growth, portal_ice_cave_entry_pillars_2,
          grunt_megastairs_4
Lair:5:   layout_regular_city, slime_altar_1, lightli_volcano_entry_magma_tube,
          bobbens_dragon_lair_wall
Swamp:1:  layout_falls_marsh, nicolae_swamp_tree_isthmus, swamp_pool1
Orc:1:    layout_caves, serial_shops, shop, basic_altar
Orc:2:    st_orc_ogre_mass, layout_caves, ebering_ghost_xom

Skill      XL: |  1  2  3  4  5  6  7  8  9 10 11 12 13 14 15 |
---------------+----------------------------------------------+-----
Transmutations | 2 3 6 7 |  7.0
Fighting       | 2 3 4 5 6 9 10 14 15 | 15.0
Unarmed Combat | 3 4 5 7 9 10 13 15 | 15.6
Spellcasting   | 3 4 5 6 8 |  8.0
Ice Magic      | 1 5 |  5.1
Dodging        | 7 10 | 10.0
Invocations    | 8 11 | 11.0
Poison Magic   | |  0.6

Action                   |  1- 3 |  4- 6 |  7- 9 | 10-12 | 13-15 || total
-------------------------+-------+-------+-------+-------+-------++-------
Melee: Unarmed           |    86 |   137 |   227 |   393 |   870 ||  1713
       Kick              |    15 |     6 |       |       |       ||    21
       Headbutt          |    11 |     5 |       |       |       ||    16
       Punch             |     2 |     1 |     2 |     2 |     1 ||     8
       Double sword      |       |       |    77 |    33 |       ||   110
 Cast: Beastly Appendage |    19 |     8 |       |       |       ||    27
       Spider Form       |       |    20 |    26 |    12 |       ||    58
       Ice Form          |       |       |       |    42 |    81 ||   123
Invok: Renounce Religion |       |     1 |       |       |       ||     1
       Slimify           |       |       |       |       |     1 ||     1
Evoke: Wand              |       |       |     4 |     5 |     7 ||    16
  Use: Potion            |     1 |     3 |     3 |     6 |     5 ||    18
       Scroll            |       |     4 |       |    10 |     8 ||    22
 Stab: Distracted        |       |       |     1 |     1 |       ||     2
       Paralysed         |       |       |       |       |     6 ||     6
Armor: Robe              |    23 |    32 |    10 |       |     4 ||    69
       Skin              |     5 |     1 |    19 |   113 |   319 ||   457
       Steam dragon scal |       |       |    44 |    23 |       ||    67
Dodge: Dodged            |    54 |   159 |   254 |   215 |   683 ||  1365
Block: Other             |       |       |       |       |    48 ||    48

Table legend: (Time is in decaauts)
 A = Elapsed time spent in this place.
 B = Non-inter-level travel time spent in this place.
 C = Inter-level travel time spent in this place.
 D = Time resting spent in this place.
 E = Time spent auto-exploring this place.
 F = Levels seen in this place.
 G = Mean time per level.
                   A        B        C        D        E       F      G
               +--------+--------+--------+--------+--------+-----+--------+
         Total |  36570 |  35333 |   1237 |   7517 |  22994 |  22 | 1662.3 |
       Dungeon |  22446 |  21791 |    655 |   5077 |  14108 |  12 | 1870.5 |
          Lair |  10542 |  10022 |    520 |   2161 |   6626 |   5 | 2108.4 |
         Swamp |     41 |     41 |      0 |      0 |      7 |   1 |   41.0 |
  Orcish Mines |   1355 |   1294 |     61 |    189 |    687 |   2 |  677.5 |
        Bailey |    270 |    270 |      0 |      0 |    211 |   1 |  270.0 |
      Ice Cave |   1914 |   1914 |      0 |     90 |   1353 |   1 | 1914.0 |
               +--------+--------+--------+--------+--------+-----+--------+

Top non-repeatable levels by time:
     D:3: 4125 daAuts
     D:8: 3212 daAuts
  Lair:4: 2743 daAuts
  Lair:2: 2555 daAuts
     D:5: 2519 daAuts
  Lair:3: 2310 daAuts
     D:4: 2136 daAuts
     D:7: 2127 daAuts
   IceCv: 1914 daAuts
  Lair:1: 1824 daAuts
     D:6: 1775 daAuts
     D:9: 1569 daAuts
     D:2: 1378 daAuts
     D:1: 1243 daAuts
  Lair:5: 1108 daAuts
